 Dungeon Crawl Stone Soup version 0.30-a0-924-g0ad0bf95bc (webtiles) character file.

Game seed: 11361475575944272945

527 xian the Cutter (level 7, -1/52 HPs)
             Began as a Demonspawn Reaver on Mar 23, 2023.
             Was a Plaything of Xom.
             Slain by a gnoll
             ... wielding a +1 flail of protection
              (10 damage)
             ... on level 3 of the Dungeon.
             The game lasted 00:14:56 (3921 turns).

xian the Cutter (Demonspawn Reaver)                 Turns: 3921, Time: 00:14:56

Health: -1/52      AC: 10    Str: 18    XL:     7   Next: 2%
Magic:  9/9        EV: 12    Int: 14    God:    Xom [..*...]
Gold:   312        SH:  5    Dex: 11    Spells: 8/11 levels left

rFire   + . .      SeeInvis .    l - +1 dagger (venom)
rCold   + + .      Faith    .    (no shield)
rNeg    + + .      Spirit   .    p - +2 leather armour {rC+}
rPois   +          Reflect  +    (no helmet)
rElec   +          Rampage  .    (no cloak)
rCorr   +          NoCast   +    k - +0 pair of gloves
Will    .....                    (no boots)
Stlth   +                        o - amulet "Duylil" {Reflect -Cast rN++ rCorr Str+3 SH+5}
HPRegen 0.28/turn                h - +4 ring of protection
MPRegen 0.11/turn                (no ring)

@: resistant
A: powered by pain 3, low MP 1
a: Renounce Religion


You were on level 3 of the Dungeon.
You worshipped Xom.
You were a toy of Xom.
You visited 1 branch of the dungeon, and saw 4 of its levels.
You also visited: Sewer.

You collected 312 gold pieces.

Inventory:

Hand Weapons
 l - a +1 dagger of venom (weapon)
Armour
 j - a +0 scale mail
 k - a +0 pair of gloves (worn)
 p - a +2 leather armour of cold resistance (worn)
Magical Staves
 m - a staff of poison
Jewellery
 h - a +4 ring of protection (left hand)
 o - the amulet "Duylil" (around neck) {Reflect -Cast rN++ rCorr Str+3 SH+5}
   (You found it on level 4 of the Dungeon)

   [amulet of reflection]

   It reflects blocked missile attacks.
   Str:       It affects your strength (+3).
   rN:        It greatly protects you from negative energy.
   -Cast:     It prevents spellcasting.
   rCorr:     It protects you from acid and corrosion.
   SH:        It affects your SH (+5).
Wands
 r - a wand of polymorph (4)
Scrolls
 a - a scroll of identify {unknown}
 c - a scroll of brand weapon {unknown}
 d - a scroll of teleportation {unknown}
 f - a scroll of immolation {unknown}
 q - a scroll of fog {unknown}
Potions
 e - 4 potions of haste
 g - 3 potions of curing {unknown}
 i - a potion of attraction {unknown}
 n - 2 potions of ambrosia {unknown}
 s - a potion of invisibility {unknown}


   Skills:
 + Level 3.5 Fighting
 + Level 4.4 Short Blades
 + Level 0.1 Throwing
 + Level 2.5 Armour
 + Level 3.3 Dodging
 + Level 0.5 Stealth
 + Level 2.6 Spellcasting
 + Level 3.4 Conjurations
 + Level 1.0 Translocations


You had 8 spell levels left.
You knew the following spells:

 Your Spells              Type           Power      Damage    Failure   Level
a - Kiss of Death         Conj/Necr      24%        2d7       13%         1
b - Momentum Strike       Conj/Tloc      16%        3d8       16%         2

Your spell library contained the following spells:

 Spells                   Type           Power      Damage    Failure   Level
 Sublimation of Blood     Necr           1%         N/A       36%         2
 Hailstorm                Conj/Ice       6%         3d4       36%         3
 Ensorcelled Hibernation  Hex/Ice        2%         N/A       38%         2
 Passwall                 Tmut/Erth      0%         N/A       38%         2
 Swiftness                Air            1%         N/A       63%         3
 Petrify                  Tmut/Erth      1%         N/A       95%         4
 Irradiate                Conj/Tmut      3%         3d12      98%         5


Dungeon Overview and Level Annotations

Branches:
Dungeon (4/15)              Sewer (visited)
 Temple: D:4-7

Altars:
Xom

Shops:
D:4 (

Annotations:
D:3 2 transporters, Tang's ghost, amateur MeRe
D:4 Dowan; Duvessa


Innate Abilities, Weirdness & Mutations

You are powered by pain.
Your magical capacity is low. (-10% MP)


Message History

The gnoll is engulfed in seething chaos.
The gnoll hits you but does no damage.
The gnoll is engulfed in seething chaos.
You feel sick.
The gnoll is engulfed in seething chaos.
There is an escape hatch in the ceiling here.
Found 3 stones.
You feel sick.
The gnoll is engulfed in seething chaos.
The gnoll seems to grow stronger.
The gnoll is engulfed in seething chaos.
The gnoll seems to grow stronger.
The gnoll is engulfed in seething chaos.
The gnoll hits you from afar with a +0 spear.
Really walk into that cloud of seething chaos?
You are engulfed in seething chaos.
You feel sick.
The gnoll is engulfed in seething chaos.
The gnoll seems to slow down.
The gnoll completely misses you.
The gnoll is engulfed in seething chaos.
There is an escape hatch in the ceiling here.
You are engulfed in seething chaos.
You feel protected.
You feel sick.
You are no longer poisoned.
The gnoll is no longer moving slowly.
The gnoll is engulfed in seething chaos.
The gnoll suddenly stops moving!
The gnoll is engulfed in seething chaos.
The gnoll seems to speed up.
You block the gnoll's attack. The gnoll barely misses you.
A mysterious force pulls you upwards. The hatch slams shut behind you.
Level annotation: 2 transporters, Tang's ghost, amateur MeRe You hit the gnoll.
The gnoll is moderately wounded.
The gnoll hits you with a +1 flail of protection!
* * * LOW HITPOINT WARNING * * *
You closely miss the gnoll.
The gnoll is moderately wounded.
The gnoll hits you with a +1 flail of protection!
You die... "Huh?
Did I miss anything?"

### ############
..#### #..........#
#.##.###.########.#
#........# #.#
##.....### #.#
##...###########.####
##.###.............#
#.# #.#####..@....#
#.# #.# ###..g....#
##'###.# #.........#
##...##.# #.#.......#
##.....#.# #.#.......#
#>.......###.#.......#
.................#####
...........>.....#
.........###.....#


You could see a gnoll (strong, resistant).

Vanquished Creatures
  A scorpion (D:4)
  A howler monkey (D:4)
  2 hounds (D:4)
  2 orc priests (D:2)
  An iguana (D:4)
  A hell rat (Sewer)
  4 adders
  2 river rats (Sewer)
  3 worms (D:4)
  A dart slug (D:2)
  3 orcs
  An endoplasm (D:3)
  A giant cockroach (D:3)
  11 goblins
  4 hobgoblins
  3 jackals (D:3)
  5 kobolds
  3 quokkas
  7 ball pythons
  4 bats
  3 frilled lizards
  12 rats
75 creatures vanquished.

Vanquished Creatures (collateral kills)
  Eustachio (D:4)
1 creature vanquished.

Vanquished Creatures (others)
  3 toadstools (D:2)
3 creatures vanquished.

Grand Total: 79 creatures vanquished

Notes
Turn   | Place    | Note
-------+----------+-------------------------------------------
     0 | D:1      | xian the Demonspawn Reaver began the quest for the Orb.
     0 | D:1      | Reached XP level 1. HP: 16/16 MP: 3/3
     4 | D:1      | Found a faded altar of an unknown god.
    21 | D:1      | Prayed at the altar of an unknown god.
    21 | D:1      | Became a worshipper of Xom of Chaos
   239 | D:1      | Reached skill level 3 in Short Blades
   264 | D:1      | XOM: potion effect (might)
   277 | D:1      | Gained mutation: You sometimes gain a little power by
                  | taking damage. [demonic ancestry]
   277 | D:1      | Reached XP level 2. HP: 17/22 MP: 5/5
   374 | D:1      | XOM: confusion
   675 | D:2      | XOM: enchant monster (bad)
   685 | D:2      | Reached skill level 1 in Armour
   685 | D:2      | HP: 1/22 [poisoned by an adder]
   697 | D:2      | XOM: stat loss: -1 Str (11/12)
   703 | D:2      | XOM: enchant monster (bad)
   775 | D:2      | Gained mutation: You sometimes gain power by taking damage.
                  | [demonic ancestry]
   775 | D:2      | Reached XP level 3. HP: 11/27 MP: 6/6
   888 | D:2      | Learned a level 2 spell: Momentum Strike
  1174 | D:2      | Reached XP level 4. HP: 20/33 MP: 0/7
  1367 | D:2      | XOM: give mutation
  1367 | D:2      | Gained mutation: Your magical capacity is low. (-10% MP)
                  | [Xom's mischief]
  1722 | D:2      | XOM: stat loss: -1 Str (14/15)
  2007 | D:3      | Gained mutation: You are powered by pain. [demonic
                  | ancestry]
  2007 | D:3      | Reached XP level 5. HP: 39/39 MP: 4/7
  2153 | D:3      | Found a transporter.
  2154 | D:3      | Noticed Tang's ghost (amateur MeRe)
  2188 | D:3      | Found a transporter.
  2439 | D:3      | XOM: summons 1 hostile demon
  2710 | D:3      | XOM: torment (21/39 hp)
  2873 | D:4      | Found a glowing drain.
  2916 | Sewer    | Entered a sewer
  3220 | D:4      | Noticed Duvessa
  3233 | D:4      | Noticed Dowan
  3240 | D:4      | Noticed an ogre
  3399 | D:4      | Found Qiorux's Weapon Boutique.
  3418 | D:4      | Noticed Eustachio
  3419 | D:4      | XOM: polymorph gnoll -> hobgoblin
  3427 | D:4      | XOM: 1-stop teleportation journey
  3433 | D:4      | XOM: swap monsters
  3443 | D:4      | Reached skill level 4 in Short Blades
  3443 | D:4      | XOM: summons friendly crimson imp
  3457 | D:4      | XOM: enchant monster (bad)
  3460 | D:4      | Reached XP level 6. HP: 24/46 MP: 8/8
  3465 | D:4      | XOM: confuse monster(s)
  3576 | D:4      | XOM: divination: magic mapping
  3688 | D:4      | Identified the amulet "Duylil" {Reflect -Cast rN++ rCorr
                  | Str+3 SH+5}
  3785 | D:4      | XOM: cast spell 'Summon Mana Viper'
  3801 | D:4      | Killed Eustachio
  3802 | D:4      | Reached skill level 1 in Translocations
  3802 | D:4      | Reached XP level 7. HP: 38/52 MP: 9/9
  3829 | D:4      | XOM: cloud trail
  3921 | D:3      | Slain by a gnoll

Illustrated notes

Levels and vault maps discovered:
D:1:      dpeg_arrival_shrine, layout_basic, basic_ecumenical_altar
D:2:      layout_loops_ring, minmay_misc_feat_square, minmay_door_square,
          hangedman_decor_riveting, minmay_gold_behind_fungi
D:3:      layout_loops_corners, gammafunk_ghost_stat_death
D:4:      layout_loops_ring, serial_shops, shop_fountains,
          cheibrodos_sewer_entry_bend, uniq_natasha, uniq_eustachio,
          uniq_duvessa

Skill      XL: |  1  2  3  4  5  6 |
---------------+-------------------+-----
Short Blades   | 3 4 |  4.4
Armour         | 1 2 |  2.5
Dodging        | 2 3 |  3.3
Fighting       | 3 |  3.5
Translocations | 1 |  1.0
Throwing       | |  0.1
Stealth        | |  0.5
Spellcasting   | |  2.6
Conjurations   | |  3.4

Action                     |  1- 3 |  4- 6 |  7- 9 || total
---------------------------+-------+-------+-------++-------
  Melee: Short sword       |   174 |    52 |       ||   226
         Punch             |     2 |     4 |       ||     6
         Dagger            |       |   132 |     6 ||   138
         Unarmed           |       |     7 |       ||     7
  Throw: Dart              |       |     3 |     1 ||     4
   Cast: Momentum Strike   |     1 |    12 |       ||    13
         Kiss of Death     |       |     1 |       ||     1
    Use: Potion            |     2 |       |       ||     2
         Scroll            |       |     2 |       ||     2
 Armour: Leather armour    |    90 |    48 |     4 ||   142
         Skin              |       |     1 |       ||     1
  Dodge: Dodged            |   105 |   118 |     7 ||   230
  Block: Other             |       |     1 |     4 ||     5

Table legend: (Time is in decaauts)
 A = Elapsed time spent in this place.
 B = Non-inter-level travel time spent in this place.
 C = Inter-level travel time spent in this place.
 D = Time resting spent in this place.
 E = Time spent auto-exploring this place.
 F = Levels seen in this place.
 G = Mean time per level.
                   A        B        C        D        E       F      G
               +--------+--------+--------+--------+--------+-----+--------+
         Total |   3860 |   3700 |    160 |     92 |   2491 |   5 |  772.0 |
       Dungeon |   3576 |   3416 |    160 |     92 |   2296 |   4 |  894.0 |
         Sewer |    284 |    284 |      0 |      0 |    194 |   1 |  284.0 |
               +--------+--------+--------+--------+--------+-----+--------+

Top non-repeatable levels by time:
     D:3: 1253 daAuts
     D:2: 1085 daAuts
     D:1: 622 daAuts
     D:4: 614 daAuts
   Sewer: 284 daAuts
